 Dungeon Crawl Stone Soup version 0.19.5 (webtiles) character file.

2762 Jannitor the Carver (level 9, -13/105 HPs)
             Began as a High Elf Chaos Knight on Mar 14, 2019.
             Mangled by a tentacled starspawn (35 damage)
             ... on level 1 of the Abyss.
             The game lasted 00:15:25 (9318 turns).

Jannitor the Carver (High Elf Chaos Knight)         Turns: 9318, Time: 00:15:26

Health: -13/105    AC: 11    Str: 21      XL:     9   Next: 42%
Magic:  10/10      EV: 12    Int: 16      God:    Xom [*.....]
Gold:   499        SH:  0    Dex: 15 (18) Spells: 1 memorised, 6 levels left

rFire  + + .     SeeInvis .     h - +0 long sword
rCold  + . .     Gourm    .     b - +2 leather armour
rNeg   . . .     Faith    .     (no shield)
rPois  .         Spirit   .     (no helmet)
rElec  .         Reflect  .     G - +0 cloak
rCorr  .         Harm     .     (no gloves)
MR     +....     Clarity  +     (no boots)
Stlth  ..........               (no amulet)
                                x - ring of protection from magic
                                k - ring of protection from fire

@: berserking, constricted, repel missiles, very quick
A: fangs 1, hooves 1, repulsion field 1, icy blue scales 1, slimy green scales
1, camouflage 2, agile 1, clarity, cold resistance 1, fire resistance 1,
mutation resistance 1, sense surroundings 1, robust 1, shaggy fur 1, strong 1
a: Renounce Religion


You were on level 1 of the Abyss.
You worshipped Xom.
You were a special plaything of Xom.
You were hungry.

You visited 1 branch of the dungeon, and saw 8 of its levels.
You visited the Abyss 1 time.

You collected 499 gold pieces.

Inventory:

Hand Weapons
 a - a +1 falchion of chaos
 h - a +0 long sword (weapon)
Missiles
 u - 6 tomahawks of returning
 B - 4 tomahawks (quivered)
Armour
 b - a +2 leather armour (worn)
 A - the +0 robe "Meallade" {-Tele rPois Str+3}
   (You found it on level 6 of the Dungeon)

   It affects your strength (+3).
   It protects you from poison.
   It prevents most forms of teleportation.
 G - a +0 cloak (worn)
Magical Staves
 y - an uncursed staff of earth
Jewellery
 d - an uncursed ring of protection from cold {unknown}
 i - an uncursed ring of positive energy {unknown}
 k - a ring of protection from fire (left hand)
 r - an uncursed ring of protection from fire
 s - a cursed ring of teleportation {unknown}
 x - a ring of protection from magic (right hand)
Wands
 v - a wand of random effects (22/48)
 w - a wand of disintegration (0/24)
Scrolls
 e - 6 scrolls of identify
 f - 4 scrolls of fog
 l - 4 scrolls of recharging
 o - 4 scrolls of amnesia
 t - 3 scrolls of remove curse
Potions
 z - a potion of lignification
 D - a potion of curing
Books
 g - a book of Minor Magic

   Spells                             Type                      Level
   a - Magic Dart                     Conjuration                  1
   b - Blink                          Translocation                2
   c - Call Imp                       Summoning                    2
   d - Repel Missiles                 Charms/Air                   2
   e - Slow                           Hexes                        2
   f - Conjure Flame                  Conjuration/Fire             3
   g - Mephitic Cloud                 Conjuration/Poison/Air       3
Comestibles
 c - 7 bread rations
 j - 2 slices of pizza
 n - 2 beef jerkies
 p - 2 fruits
 q - a meat ration


   Skills:
 + Level 7.0 Fighting
 + Level 8.4 Long Blades
 * Level 8.0 Throwing
 - Level 2.8 Armour
 - Level 3.7 Dodging
 + Level 1.2 Charms
 + Level 1.7 Air Magic


You had 6 spell levels left.
You knew the following spells:

 Your Spells              Type           Power        Failure   Level  Hunger
a - Repel Missiles        Chrm/Air       #.....       30%         2    ###....


Dungeon Overview and Level Annotations

Branches:
Dungeon (8/15)             Temple (0/1) D:5
   Lair: D:8-11

Altars:
Nemelex Xobeh
Okawaru
Vehumet
Xom

Annotations:
D:3 grok76's ghost, amateur DEWz
D:8 Grum


Innate Abilities, Weirdness & Mutations

You have very sharp teeth.
You have large cloven feet.
You are surrounded by a mild repulsion field. (EV +2)
You are partially covered in icy blue scales. (AC +2)
You are partially covered in slimy green scales. (AC +2)
Your skin blends seamlessly with your surroundings (Stealth++).
You are agile. (Dex +2)
You possess an exceptional clarity of mind.
Your flesh is cold resistant. (rC+)
Your flesh is heat resistant. (rF+)
You are somewhat resistant to further mutation.
You passively map a small area around you.
You are robust. (+10% HP)
You are covered in fur. (AC +1)
Your muscles are strong. (Str +2)


Message History

A red film seems to cover your vision as you go berserk!
You feel yourself moving faster!
You feel mighty!
The large abomination closely misses you.
The tentacled starspawn barely misses you.
The tentacled starspawn engulfs you! The starspawn tentacle constricts you.
A large abomination comes into view.
Unknown command.
You barely miss the tentacled starspawn.
The starspawn tentacle loses its grip on you.
The tentacled starspawn is lightly damaged.
The large abomination hits you!!
* * * LOW HITPOINT WARNING * * *
A shower of butterflies erupts from you!
A large abomination comes into view.
You slash the tentacled starspawn! You kick the tentacled starspawn.
The tentacled starspawn is moderately damaged.
The starspawn tentacle grabs you. The starspawn tentacle constricts you.
The tentacled starspawn bites you!!
You die...
Xom cackles wildly!

#.. #.X #.. ##..
##.. .## .# ##..##
#. ###X4*.### #...
#.@##....##. ...
#Xw##.. ........
..│hb##..........
#.b..w.#...........
#.##..##.##.......#
#.. #..#.#####....x
..X ..##. c*.. ..
.. .. . .. .#.Y##
..x... . ##*#.##
......


You could see a tentacled starspawn, a wretched star, 3 large abominations, a
raiju, a chaos spawn and 2 starspawn tentacles.

Vanquished Creatures
  A porcupine (shapeshifter) (D:5)
  An ice beast (D:7)
  A sky beast (D:5)
  3 ogres
  2 necrophages
  A centaur (D:6)
  3 bullfrogs
  3 scorpions
  6 killer bees
  2 howler monkeys (D:7)
  5 crimson imps
  A bullfrog zombie (D:5)
  A centaur zombie (D:7)
  3 hounds (D:4)
  2 orc priests (D:8)
  2 orc wizards (D:4)
  2 jellies
  2 iguanas
  8 worker ants
  2 hound skeletons
  7 gnolls
  11 adders
  A howler monkey skeleton (D:4)
  A white imp (Abyss:1)
  An ooze (D:5)
  An adder skeleton (D:7)
  3 dart slugs
  2 worms
  6 leopard geckos
  11 orcs
  A ball python (D:2)
  5 bats
  A giant cockroach (D:5)
  5 hobgoblins
  4 jackals
  2 quokkas (D:7)
  2 frilled lizards (D:2)
  8 goblins
  11 kobolds
  A leopard gecko zombie (D:5)
  3 rats (D:2)
138 creatures vanquished.

Vanquished Creatures (collateral kills)
  An efreet (Abyss:1)
  A sky beast (D:4)
  An ogre (D:4)
  A hound (D:8)
  An iguana (D:4)
  A gnoll (D:8)
  A starspawn tentacle (Abyss:1)
7 creatures vanquished.

Vanquished Creatures (others)
  A dancing weapon (Abyss:1)
  A gnoll (D:6)
  7 starspawn tentacles (Abyss:1)
9 creatures vanquished.

Grand Total: 154 creatures vanquished

Notes
Turn   | Place    | Note
-------+----------+-------------------------------------------
     0 | D:1      | Jannitor the High Elf Chaos Knight began the quest for the Orb.
     0 | D:1      | Reached XP level 1. HP: 16/16 MP: 2/2
   120 | D:1      | Reached skill level 1 in Armour
   302 | D:1      | Reached XP level 2. HP: 19/21 MP: 3/3
   377 | D:1      | XOM: silly message
   399 | D:1      | XOM: silly message
   701 | D:1      | XOM: harmless Divn miscast
  1004 | D:2      | XOM: noise
  1017 | D:2      | Reached XP level 3. HP: 22/26 MP: 4/4
  1130 | D:2      | Found a sparkling altar of Nemelex Xobeh.
  1176 | D:2      | Found an iron altar of Okawaru.
  1377 | D:2      | Found a radiant altar of Vehumet.
  1455 | D:2      | XOM: harmless Hex miscast
  1819 | D:3      | XOM: divination: detect items
  1822 | D:3      | Noticed grok76's ghost (amateur DEWz)
  1833 | D:3      | XOM: butterfly on damage
  1839 | D:3      | XOM: confuse monster(s)
  1989 | D:4      | Reached XP level 4. HP: 31/31 MP: 5/5
  2029 | D:4      | XOM: butterfly on damage
  2039 | D:4      | XOM: scenery: 1 doors close
  2103 | D:4      | XOM: 4-stop teleportation journey
  2165 | D:4      | XOM: god gift: scythe {god gift}
  2220 | D:4      | Noticed an ogre
  2223 | D:4      | XOM: mild Tloc miscast
  2227 | D:4      | XOM: 1-stop teleportation journey
  2277 | D:4      | XOM: give mutation
  2277 | D:4      | Gained mutation: You are partially covered in slimy green scales. (AC +2) [Xom's grace]
  2385 | D:4      | Noticed a sky beast
  2402 | D:4      | Killed a sky beast
  2402 | D:4      | Reached XP level 5. HP: 5/36 MP: 6/6
  2403 | D:4      | XOM: cleaving
  2407 | D:4      | Killed an ogre
  2412 | D:4      | Reached skill level 5 in Long Blades
  2631 | D:4      | XOM: give mutations
  2631 | D:4      | Gained mutation: Your flesh is heat resistant. (rF+) [Xom's grace]
  2631 | D:4      | Gained mutation: Your skin changes colour to match your surroundings (Stealth+). [Xom's grace]
  2631 | D:4      | Gained mutation: You are partially covered in icy blue scales. (AC +2) [Xom's grace]
  2790 | D:4      | XOM: enchant monster (good)
  2793 | D:4      | Reached skill level 1 in Throwing
  2801 | D:4      | Reached XP level 6. HP: 43/43 MP: 7/7
  2916 | D:4      | XOM: mild Pois miscast
  3100 | D:4      | XOM: scenery: 1 doors close
  3399 | D:4      | XOM: god gift: beef jerky
  3532 | D:4      | XOM: god gift: scroll of recharging
  3570 | D:4      | XOM: smoke on damage
  3761 | D:4      | XOM: confusion
  4060 | D:5      | XOM: stealth player
  4060 | D:5      | Entered Level 5 of the Dungeon
  4065 | D:5      | Reached XP level 7. HP: 49/49 MP: 8/8
  4205 | D:5      | XOM: divination: magic mapping
  4206 | D:5      | XOM: severe Ice miscast
  4328 | D:5      | XOM: divination: detect items
  4383 | D:5      | Found a staircase to the Ecumenical Temple.
  4597 | D:5      | XOM: god gift: long smoking staff {god gift}
  4690 | D:5      | XOM: god gift: bread ration
  4717 | D:5      | XOM: give mutations
  4717 | D:5      | Gained mutation: You have large cloven feet. [Xom's grace]
  4717 | D:5      | Gained mutation: You are robust. (+10% HP) [Xom's grace]
  4765 | D:5      | Reached skill level 5 in Fighting
  4766 | D:5      | XOM: harmless Tmut miscast
  5107 | D:5      | XOM: summons 3 hostile shadow creatures
  5474 | D:5      | XOM: give mutations
  5474 | D:5      | Gained mutation: You are agile. (Dex +2) [Xom's grace]
  5474 | D:5      | Gained mutation: You are somewhat resistant to further mutation. [Xom's grace]
  5474 | D:5      | Gained mutation: You passively map a small area around you. [Xom's grace]
  5568 | D:6      | Reached skill level 5 in Throwing
  5568 | D:6      | Reached XP level 8. HP: 60/60 MP: 9/9
  5663 | D:6      | XOM: harmless Ice miscast
  5719 | D:6      | XOM: potion effect (berserk rage)
  5939 | D:6      | XOM: scenery: create altars
  5939 | D:6      | XOM: smoke on damage
  5953 | D:5      | XOM: polymorph centaur -> howler monkey
  6069 | D:5      | XOM: fog
  6099 | D:6      | XOM: enchant monster (good)
  6195 | D:6      | XOM: medium Divn miscast
  6228 | D:6      | XOM: destruction
  6331 | D:6      | Got a fabulously ornate robe
  6342 | D:6      | Identified the cursed +0 robe "Meallade" {-Tele rPois Str+3} (You found it on level 6 of the Dungeon)
  6757 | D:6      | HP: 3/62 [poisoned by a killer bee]
  7044 | D:6      | XOM: summons 4 hostile demons
  7337 | D:7      | XOM: cloud trail
  7348 | D:7      | XOM: scenery: 1 doors open, 1 doors close
  7353 | D:7      | XOM: scenery: 1 doors open, 1 doors close
  7920 | D:7      | Reached XP level 9. HP: 59/69 MP: 10/10
  8007 | D:7      | XOM: give mutations
  8007 | D:7      | Gained mutation: You are surrounded by a mild repulsion field. (EV +2) [Xom's grace]
  8007 | D:7      | Gained mutation: Your muscles are strong. (Str +2) [Xom's grace]
  8007 | D:7      | Gained mutation: Your flesh is cold resistant. (rC+) [Xom's grace]
  8007 | D:7      | Gained mutation: You are covered in fur. (AC +1) [Xom's grace]
  8088 | D:7      | XOM: polymorph centaur -> killer bee
  8281 | D:7      | XOM: summons 4 hostile demons
  8341 | D:7      | XOM: scenery: 1 doors open, 1 doors close
  8580 | D:7      | XOM: give mutations
  8580 | D:7      | Gained mutation: You have very sharp teeth. [Xom's grace]
  8580 | D:7      | Gained mutation: Your skin blends seamlessly with your surroundings (Stealth++). [Xom's grace]
  8580 | D:7      | Gained mutation: You possess an exceptional clarity of mind. [Xom's grace]
  8756 | D:7      | Learned a level 2 spell: Repel Missiles
  8819 | D:7      | XOM: scenery: 1 doors open
  8927 | D:7      | XOM: scenery: 2 doors open
  8931 | D:8      | Noticed Grum
  8936 | D:8      | XOM: potion effect (brilliance)
  8942 | D:8      | XOM: summons 3 friendly demons
  8946 | D:8      | Reached skill level 1 in Air Magic
  8948 | D:8      | XOM: polymorph jelly -> gnoll
  8959 | D:8      | Cast into level 1 of the Abyss (Xom)
  8972 | Abyss:1  | Noticed a worldbinder
  9001 | Abyss:1  | Noticed a tentacled starspawn
  9009 | Abyss:1  | XOM: severe Ice miscast
  9020 | Abyss:1  | Noticed an efreet
  9028 | Abyss:1  | XOM: mild Tloc miscast
  9040 | Abyss:1  | Noticed an ancient zyme
  9041 | Abyss:1  | XOM: divination: magic mapping
  9044 | Abyss:1  | Noticed a rust devil
  9044 | Abyss:1  | Killed an efreet
  9044 | Abyss:1  | Reached skill level 1 in Charms
  9046 | Abyss:1  | Noticed a worldbinder
  9050 | Abyss:1  | XOM: torment (12/70 hp)
  9052 | Abyss:1  | Noticed a necromancer
  9052 | Abyss:1  | XOM: summons 4 hostile demons
  9057 | Abyss:1  | XOM: destruction
  9273 | Abyss:1  | Noticed a yaktaur
  9273 | Abyss:1  | a raiju changed into a yaktaur
  9273 | Abyss:1  | XOM: polymorph raiju -> yaktaur
  9276 | Abyss:1  | Noticed a worldbinder
  9279 | Abyss:1  | Noticed a smoke demon
  9286 | Abyss:1  | Noticed a wretched star
  9291 | Abyss:1  | XOM: harmless Summ miscast
  9295 | Abyss:1  | XOM: noise
  9304 | Abyss:1  | Noticed a large abomination
  9313 | Abyss:1  | Noticed a tentacled starspawn
  9317 | Abyss:1  | Noticed a large abomination
  9317 | Abyss:1  | XOM: butterfly on damage
  9318 | Abyss:1  | Mangled by a tentacled starspawn

Skill      XL: |  1  2  3  4  5  6  7  8  9 |
---------------+----------------------------+-----
Armour         | 1 2 |  2.8
Long Blades    | 4 5 6 7 8 |  8.4
Dodging        | 3 |  3.7
Fighting       | 4 5 6 7 |  7.0
Throwing       | 1 3 5 7 8 |  8.0
Air Magic      | 1 |  1.7
Charms         | 1 |  1.2

Action                   |  1- 3 |  4- 6 |  7- 9 || total
-------------------------+-------+-------+-------++-------
Melee: Falchion          |   130 |    28 |       ||   158
       Long sword        |       |    88 |   407 ||   495
       Kick              |       |       |   132 ||   132
       Bite              |       |       |    10 ||    10
Throw: Tomahawk          |       |    26 |    42 ||    68
 Cast: Repel Missiles    |       |       |     1 ||     1
Evoke: Wand              |       |       |     4 ||     4
  Use: Potion            |     3 |     1 |     8 ||    12
       Scroll            |       |     8 |     7 ||    15
 Stab: Paralysed         |     1 |       |       ||     1
       Petrified         |       |     7 |       ||     7
       Sleeping          |       |     3 |     5 ||     8
       Distracted        |       |       |     2 ||     2
  Eat: Chunk             |     3 |     6 |    16 ||    25
       Royal jelly       |       |       |     1 ||     1
Armor: Leather armour    |    34 |    33 |   139 ||   206
       Skin              |       |       |   275 ||   275
Dodge: Dodged            |    88 |   111 |   369 ||   568
       Rpst.: Falchion   |    21 |     6 |       ||    27
       Long sword        |       |    32 |   105 ||   137
